 Dungeon Crawl Stone Soup version 0.27-a0-906-g0a00ce863d (webtiles) character file.

Game seed: 2733473433901057554

202 mhtbhm the Cudgeller (level 5, -4/49 HPs)
             Began as a Gargoyle Berserker on Apr 7, 2021.
             Was a Believer of Trog.
             Slain by a wyvern (9 damage)
             ... on level 3 of the Dungeon.
             The game lasted 00:02:32 (3648 turns).

mhtbhm the Cudgeller (Gargoyle Berserker)           Turns: 3648, Time: 00:02:32

Health: -4/49      AC: 14    Str: 21    XL:     5   Next: 80%
Magic:  5/5        EV: 10    Int:  8    God:    Trog [**....]
Gold:   185        SH:  0    Dex:  9    Spells: 4/4 levels left

rFire    + . .     SeeInvis .   a - +0 mace
rCold    . . .     Faith    .   (no shield)
rNeg     + . .     Spirit   .   b - +1 scale mail {rF+}
rPois    ∞         Reflect  .   (no helmet)
rElec    +         Harm     .   k - +2 cloak {Will+}
rCorr    .         Rampage  .   (no gloves)
Will     +....                  (no boots)
Stlth    ..........             (no amulet)
HPRegen  0.16/turn              (no ring)
MPRegen  0.09/turn              (no ring)

@: berserking, very quick
A: AC +4, negative energy resistance 1, electricity resistance, torment
resistance 1, unbreathing 1, petrification resistance
a: Renounce Religion, Berserk, Trog's Hand


You were on level 3 of the Dungeon.
You worshipped Trog.
Trog was pleased with you.
You visited 1 branch of the dungeon, and saw 3 of its levels.

You collected 185 gold pieces.

Inventory:

Hand Weapons
 a - a +0 mace (weapon)
Armour
 b - a +1 scale mail of fire resistance (worn)
 k - a +2 cloak of willpower (worn)
Wands
 h - a wand of charming (7)
Scrolls
 e - a scroll of magic mapping {unknown}
 f - a scroll of fear {unknown}
 g - 2 scrolls of teleportation {unknown}
 m - a scroll of enchant armour {unknown}
Potions
 c - a potion of brilliance {unknown}
 d - a potion of invisibility
 j - a potion of ambrosia {unknown}
 l - 2 potions of mutation {unknown}
 n - a potion of curing {unknown}


   Skills:
 + Level 4.1 Fighting
 + Level 4.6 Maces & Flails
 + Level 3.0 Armour
 + Level 2.5 Dodging
 + Level 1.2 Stealth


You had 4 spell levels left.
You didn't know any spells.
Your spell library was empty.

Dungeon Overview and Level Annotations

Branches:
Dungeon (3/15)

Altars:


Innate Abilities, Weirdness & Mutations

Your stone body is resilient. (AC +4)
You are immune to poison.
You resist negative energy. (rN+)
You are resistant to electric shocks. (rElec)
You are resistant to unholy torment.
You can survive without breathing.
You are immune to petrification.


Message History

The wyvern hisses menacingly.
The wyvern misses you. The wyvern bites you.
You barely miss the wyvern.
The wyvern is lightly wounded.
The wyvern bites you but does no damage.
The wyvern bites you!
You are too injured to fight recklessly!
You are too injured to fight recklessly!
You are too injured to fight recklessly!
A wyvern is nearby!
A red film seems to cover your vision as you go berserk!
You feel yourself moving faster!
You feel mighty!
The wyvern bites you but does no damage.
You closely miss the wyvern.
The wyvern is lightly wounded.
The wyvern bites you.
* * * LOW HITPOINT WARNING * * *
You closely miss the wyvern.
The wyvern is lightly wounded.
The wyvern bites you.
* * * LOW HITPOINT WARNING * * *
The wyvern bites you but does no damage.
You closely miss the wyvern.
The wyvern is lightly wounded.
The wyvern bites you.
* * * LOW HITPOINT WARNING * * *
You hit the wyvern.
The wyvern is lightly wounded.
The wyvern bites you but does no damage.
You sock the wyvern!
The wyvern is severely wounded.
The wyvern bites you.
* * * LOW HITPOINT WARNING * * *
You completely miss the wyvern.
The wyvern is severely wounded.
The wyvern bites you but does no damage.
Your scale mail prevents you from hitting the wyvern.
The wyvern is severely wounded.
The wyvern bites you!
You die...

#.#### #..........#(.#
#....# ######.#.#.#..#
####.# ######
#.#.#.#..# #.# #.....
#........# #####.#
#..... #####.####
#.....# #..... #.....#
#.##### #..... #.#.#.#
#.# #....l######.#.#.#
##.## #...@...#....#.#
##...##
#######.##.###.#
#.#.#.## #.##.....#
.##....# #####
#.##.###### #.###..#
#...###.#.......#
##.#.#.####
#..........####.#
##..?>...#
#...###.#.##
#.##)##.####.####.#.#
##.##..............#.#


You could see a wyvern.

Vanquished Creatures
  A centaur zombie (D:3)
  A hound (D:3)
  Crazy Yiuf (D:2)
  5 adders
  2 worms
  5 orcs (D:3)
  8 ball pythons
  4 endoplasms
  2 giant cockroaches
  4 goblins
  3 hobgoblins
  5 jackals
  4 kobolds
  A quokka (D:1)
  5 bats
  2 frilled lizards (D:1)
  5 rats
58 creatures vanquished.

Notes
Turn   | Place    | Note
-------+----------+-------------------------------------------
     0 | D:1      | mhtbhm the Gargoyle Berserker began the quest for the Orb.
     0 | D:1      | Reached XP level 1. HP: 14/14 MP: 1/1
   174 | D:1      | Reached XP level 2. HP: 19/19 MP: 2/2
  1243 | D:1      | Reached XP level 3. HP: 19/24 MP: 3/3
  1444 | D:2      | Found a runed translucent door.
  1445 | D:2      | Noticed Crazy Yiuf
  1597 | D:2      | Reached ** piety under Trog
  2324 | D:2      | Killed Crazy Yiuf
  2325 | D:2      | Reached XP level 4. HP: 29/29 MP: 4/4
  2447 | D:3      | Reached XP level 5. HP: 28/33 MP: 5/5
  2732 | D:3      | Reached skill level 1 in Stealth
  3636 | D:3      | Noticed a wyvern
  3648 | D:3      | Slain by a wyvern

Illustrated notes

Levels and vault maps discovered:
D:1:      minmay_arrival_glassed_features, layout_rooms
D:2:      layout_loops_ring, st_stairs_3, uniq_crazy_yiuf_cottage
D:3:      layout_loops_cross

Skill      XL: |  1  2  3  4  5 |
---------------+----------------+-----
Dodging        | 2 |  2.5
Maces & Flails | 4 |  4.6
Fighting       | 4 |  4.1
Stealth        | 1 |  1.2
Armour         | 3 |  3.0

Action                   |  1- 3 |  4- 6 || total
-------------------------+-------+-------++-------
Melee: Mace              |   144 |   114 ||   258
Invok: Berserk           |     2 |     2 ||     4
  Use: Scroll            |       |     2 ||     2
Armor: Animal skin       |    55 |       ||    55
       Ring mail         |    34 |    74 ||   108
       Scale mail        |       |     7 ||     7
Dodge: Dodged            |   117 |    97 ||   214

Table legend: (Time is in decaauts)
 A = Elapsed time spent in this place.
 B = Non-inter-level travel time spent in this place.
 C = Inter-level travel time spent in this place.
 D = Time resting spent in this place.
 E = Time spent auto-exploring this place.
 F = Levels seen in this place.
 G = Mean time per level.
                   A        B        C        D        E       F      G
               +--------+--------+--------+--------+--------+-----+--------+
         Total |   3717 |   3717 |      0 |    802 |   2233 |   3 | 1239.0 |
       Dungeon |   3717 |   3717 |      0 |    802 |   2233 |   3 | 1239.0 |
               +--------+--------+--------+--------+--------+-----+--------+

Top non-repeatable levels by time:
     D:1: 1396 daAuts
     D:3: 1301 daAuts
     D:2: 1019 daAuts
